 Dungeon Crawl Stone Soup version 0.19-a0-1899-g2d93087 (console) character file.

55449 Codrus the Distorting Demonspawn (level 14, -2/162 HPs)
             Began as a Demonspawn Fighter on Oct 19, 2016.
             Was a Believer of Lugonu.
             Slain by an Executioner (4 damage)
             ... created by the fury of Makhleb
             ... on level 6 of the Lair of Beasts.
             The game lasted 02:43:43 (21044 turns).

Codrus the Distorting Demonspawn (DsFi)            Turns: 21044, Time: 02:43:44

Health: -2/162     AC: 11    Str: 25 (26) XL:     14   Next: 38%
Magic:  24/24      EV: 17    Int:  7 (10) God:    Lugonu [**....]
Gold:   1515       SH: 14    Dex: 11 (13) Spells: 0 memorised, 13 levels left

rFire  . . .     SeeInvis .     a - +6 whip "Woafo" {slash, rC+}
rCold  + + +     Gourm    .     q - +1 ring mail of the Hills {rElec}
rNeg   . . .     Faith    .     c - +2 shield
rPois  .         Spirit   .     (helmet restricted)
rElec  +         Reflect  .     (no cloak)
rCorr  .         Harm     .     (no gloves)
MR     ++...                    z - +2 pair of boots of Pula {rC+}
Stlth  ..........               (no amulet)
                                m - ring of protection from magic
                                e - +4 ring of evasion

@: berserking (expiring), lethally poisoned (-2 -> -10), very quick
A: horns 2, cold resistance 1, foul stench 1, rot immunity, freezing cloud
immunity
a: Depart the Abyss, Bend Space, Renounce Religion


You were on level 6 of the Lair of Beasts.
You worshipped Lugonu.
Lugonu was pleased with you.
You were hungry.

You visited 4 branches of the dungeon, and saw 20 of its levels.
You visited the Abyss 1 time.

You collected 1515 gold pieces.

Inventory:

Hand Weapons
 a - the +6 whip "Woafo" (weapon) {slash, rC+}
   (You found it on level 4 of the Dungeon)

   It inflicts extra damage upon your enemies.
   It protects you from cold.
 p - a +3 great mace of distortion
 x - a +0 blowgun
 E - a +0 short sword of flaming
 M - the +6 hand axe of Ucul {vamp, rPois Dex+2, unknown}
   (You found it on level 7 of the Dungeon)

   It inflicts no extra harm, but heals its wielder when it wounds a living foe.
   It affects your dexterity (+2).
   It protects you from poison.
 V - a +3 long sword
Missiles
 h - 8 curare-tipped needles
 X - 5 javelins (quivered)
Armour
 c - a +2 shield (worn)
 q - the +1 ring mail of the Hills (worn) {rElec}
   (You found it on level 6 of the Dungeon)

   It insulates you from electricity.
 r - a +0 troll leather armour
 z - the +2 pair of boots of Pula (worn) {rC+}
   (You found it on level 5 of the Dungeon)

   It protects you from cold.
 F - the +0 pair of boots of the Lost Path {+Fly Int+3}
   (You found it on level 8 of the Dungeon)

   It affects your intelligence (+3).
   It lets you fly.
Magical Staves
 l - an uncursed staff of wizardry {unknown}
Jewellery
 e - a +4 ring of evasion (left hand)
 f - an uncursed ring of fire
 m - a ring of protection from magic (right hand)
 H - an uncursed amulet of faith {unknown}
 N - an uncursed ring of fire
 T - an uncursed ring of teleportation
Wands
 b - a wand of paralysis (10/24)
 d - a wand of disintegration (11/24)
 w - a wand of lightning (6/15)
 y - a wand of polymorph (4/24)
 B - a wand of confusion (41/48)
 W - a wand of iceblast (0/15)
 Y - a wand of lightning (7/15)
 Z - a wand of polymorph (4/24)
Scrolls
 i - 2 scrolls of fog
 k - 2 scrolls of magic mapping
 n - a scroll of amnesia
 o - 5 scrolls of teleportation
 s - 3 scrolls of recharging
 A - a scroll of remove curse
 J - a scroll of enchant armour
 L - 2 scrolls of enchant weapon
 O - 2 scrolls of random uselessness {unknown}
 Q - a scroll of vulnerability {unknown}
Potions
 g - 4 potions of flight
 j - 2 potions of haste
 D - a potion of degeneration
 G - a potion of beneficial mutation {unknown}
 P - 3 potions of ambrosia
 U - 6 potions of curing
Comestibles
 v - 7 beef jerkies
 C - 11 fruits
 K - 2 meat rations


   Skills:
 + Level 9.2 Fighting
 - Level 4.3 Long Blades
 - Level 12.1 Maces & Flails
 + Level 1.5 Throwing
 + Level 9.5 Armour
 - Level 6.2 Dodging
 + Level 9.8 Shields
 - Level 14.0 Invocations
 - Level 4.0 Evocations


You had 13 spell levels left.
You didn't know any spells.

Dungeon Overview and Level Annotations

Branches:
Dungeon (11/15)            Temple (1/1) D:6            Lair (6/6) D:11
 Shoals (0/4) Lair:4       Spider (0/4) Lair:4        Slime (0/5) Lair:6
    Orc (2/2) D:11            Elf (0/3) Orc:2

Altars:
Ashenzari
Cheibriados
Dithmenos
Elyvilon
Fedhas
Gozag
Hepliaklqana
Kikubaaqudgha
Makhleb
Okawaru
Qazlal
Xom
Yredelemnul
Zin

Annotations:
D:4 exclusion: downstairs
Lair:4 exclusion: downstairs
Lair:5 Snorg


Innate Abilities, Weirdness & Mutations

You have a pair of horns on your head.
Your flesh is cold resistant. (rC+)
You may emit foul miasma when damaged in melee.
You are immune to rotting.
You are immune to freezing clouds.


Message History

You whack the Executioner! Your headbutt misses the Executioner.
The Executioner is severely wounded.
You feel sick. You block the Executioner's attack.
The Executioner completely misses you. The Executioner hits you.
* * * LOW HITPOINT WARNING * * *
The orange demon closely misses you. You block the orange demon's attack.
You closely miss the Executioner. You headbutt the Executioner.
The Executioner is almost dead.
You feel sick. You block the Executioner's attack.
The Executioner closely misses you. The Executioner misses you.
Your shield and ring mail of the Hills prevent you from hitting the Executioner.
Your headbutt misses the Executioner.
The Executioner is almost dead.
The Executioner gestures.
The Executioner hits you!
* * * LOW HITPOINT WARNING * * *
The Executioner hits you.
* * * LOW HITPOINT WARNING * * *
The Executioner hits you.
You die...

## P..#. .. S..#....
..####.#.###(##.........
..........(.(.... ####..
...P...P.P..P.# #..
......P.#†.(# ..$
#......###..#
#.....#...# #..4...#
#.@1#.## ##..####
#P..†#### ##......######
#####..P#......#.#
##.##..........#.##
#....#.#.#..#..†.#
####.PP#####.#####P...#
######....### ###
#..##..#


You could see an Executioner and an orange demon.

Vanquished Creatures
  Rupert (Lair:5)
  2 hydras
  Erolcha (D:10)
  2 death yaks (Lair:2)
  2 thrashing horrors (Abyss:4)
  Sonja (Orc:2)
  The ghost of funktuous the Slasher, a novice DsSk of Hepliaklqana (D:8)
  3 hill giants
  Pikel (D:6)
  2 wolf spiders (Lair:6)
  2 cyclopes
  The ghost of omnomnOMINOUS the Sneak, a novice OpEn of Vehumet (D:5)
  Joseph (D:8)
  7 elephants
  2 guardian serpents
  6 black mambas
  A siren (Lair:4)
  12 spiny frogs
  9 komodo dragons
  4 rime drakes
  2 jumping spiders (Lair:4)
  An ancient zyme (Abyss:4)
  3 hornets
  Prince Ribbit (Lair:2)
  9 trolls
  4 raiju (Abyss:4)
  22 blink frogs
  A dream sheep (Lair:6)
  A two-headed ogre (D:8)
  4 hippogriffs
  5 redbacks
  A wraith (Abyss:4)
  5 wyverns
  A yak (shapeshifter) (Abyss:4)
  A spriggan (Lair:2)
  A small abomination (Abyss:4)
  A neqoxec (Abyss:4)
  35 yaks
  A steam dragon (Lair:4)
  2 basilisks
  4 wargs
  4 hungry ghosts
  Edmund (D:5)
  2 hell hounds
  10 water moccasins
  Duvessa (D:7)
  10 porcupines
  A slave (D:6)
  A phantom (D:9)
  8 orc warriors
  3 ice beasts
  2 sky beasts
  2 black bears
  8 ogres
  6 wolves (Lair:2)
  8 centaurs
  9 crocodiles
  2 big kobolds
  14 bullfrogs
  Dowan (D:7)
  3 scorpions
  18 killer bees
  7 wights
  7 howler monkeys
  4 electric eels (D:10)
  6 crimson imps
  2 bullfrog zombies
  2 centaur zombies
  3 starcursed masses (Abyss:4)
  A quasit (D:9)
  8 jellies
  12 orc priests
  5 hounds
  9 orc wizards
  A bullfrog skeleton (D:10)
  4 centaur skeletons
  10 iguanas
  An iron imp (D:6)
  4 hell rats (Lair:3)
  14 worker ants
  A hound zombie (D:5)
  3 hound skeletons
  2 howler monkey zombies
  A howler monkey skeleton (D:5)
  6 adders
  3 shadow imps
  4 oozes
  3 adder zombies
  An adder skeleton (D:9)
  2 worms
  2 dart slugs
  7 leopard geckos
  58 orcs
  7 giant cockroaches
  10 goblins
  6 hobgoblins
  8 jackals
  13 kobolds
  3 quokkas
  3 bats
  4 frilled lizards
  A leopard gecko skeleton (D:5)
  4 rats
  A plant (Lair:6)
533 creatures vanquished.

Vanquished Creatures (collateral kills)
  A catoblepas (Lair:3)
  A death yak (Lair:2)
  A troll (Orc:1)
  5 blink frogs
  A large abomination (Abyss:4)
  A yak (Lair:2)
  3 basilisks
  3 nagas (Abyss:4)
  2 porcupines
  An ogre (Orc:1)
  2 crocodiles
  2 starcursed masses (Abyss:4)
23 creatures vanquished.

Vanquished Creatures (others)
  2 dream sheep (Lair:6)
  4 blink frogs (Lair:6)
  A slave (D:6)
  A scorpion (D:6)
  A river rat (Lair:6)
  An orc (D:6)
  23 fungi
  30 plants
63 creatures vanquished.

Grand Total: 619 creatures vanquished

Notes
Turn   | Place    | Note
-------+----------+-------------------------------------------
     0 | D:1      | Codrus the Demonspawn Fighter began the quest for the Orb.
     0 | D:1      | Reached XP level 1. HP: 18/18 MP: 1/1
   212 | D:1      | Gained mutation: Your flesh is cold resistant. (rC+) [demonic ancestry]
   212 | D:1      | Reached XP level 2. HP: 7/24 MP: 2/2
   917 | D:2      | Gained mutation: You have a pair of small horns on your head. [demonic ancestry]
   917 | D:2      | Reached XP level 3. HP: 23/29 MP: 3/3
  1711 | D:4      | Got a transparent whip
  1836 | D:5      | Entered Level 5 of the Dungeon
  1843 | D:5      | Noticed an ogre
  1899 | D:3      | Reached XP level 4. HP: 31/35 MP: 4/4
  2055 | D:4      | Identified the +6 whip "Woafo" {slash, rC+} (You found it on level 4 of the Dungeon)
  2093 | D:4      | Reached skill level 1 in Maces & Flails
  2093 | D:4      | Gained mutation: You have a pair of horns on your head. [demonic ancestry]
  2093 | D:4      | Reached XP level 5. HP: 32/41 MP: 5/5
  2524 | D:5      | Noticed a centaur
  2530 | D:5      | Noticed an ogre
  2531 | D:5      | Killed a centaur
  2531 | D:5      | Reached XP level 6. HP: 38/47 MP: 6/6
  2722 | D:5      | Got a pair of spiked boots
  2728 | D:5      | Identified the +2 pair of boots of Pula {rC+} (You found it on level 5 of the Dungeon)
  2827 | D:5      | Noticed omnomnOMINOUS's ghost (novice OpEn)
  2889 | D:5      | Killed omnomnOMINOUS's ghost
  2889 | D:5      | Gained mutation: You are immune to rotting. [demonic ancestry]
  2889 | D:5      | Reached XP level 7. HP: 45/52 MP: 7/7
  3066 | D:5      | Found a shadowy altar of Dithmenos.
  3177 | D:5      | Reached XP level 8. HP: 50/58 MP: 8/8
  3555 | D:6      | Found a snail-covered altar of Cheibriados.
  3623 | D:6      | Found a staircase to the Ecumenical Temple.
  3634 | Temple   | Entered the Ecumenical Temple
  3654 | Temple   | Became a worshipper of Makhleb the Destroyer
  3793 | D:6      | Noticed Edmund
  3841 | D:5      | Killed Edmund
  4141 | D:6      | Noticed Pikel
  4153 | D:6      | Killed Pikel
  4153 | D:6      | Reached skill level 5 in Fighting
  4325 | D:6      | Reached XP level 9. HP: 68/68 MP: 9/9
  4405 | D:6      | Got a twisted ring mail
  4584 | D:6      | Reached skill level 5 in Armour
  4923 | D:7      | Noticed Duvessa
  4963 | D:7      | Noticed Dowan
  4994 | D:7      | Killed Duvessa
  5006 | D:7      | Killed Dowan
  5217 | D:7      | Reached skill level 1 in Invocations
  5227 | D:7      | Reached skill level 2 in Invocations
  5238 | D:7      | Reached skill level 3 in Invocations
  5251 | D:7      | Reached * piety under Makhleb
  5251 | D:7      | Reached skill level 4 in Invocations
  5274 | D:7      | Reached skill level 5 in Invocations
  5292 | D:7      | Reached skill level 6 in Invocations
  5764 | D:7      | Reached skill level 7 in Invocations
  5784 | D:7      | Got a crystal hand axe
  6316 | D:8      | Identified the +1 ring mail of the Hills {rElec} (You found it on level 6 of the Dungeon)
  6420 | D:8      | Noticed funktuous's ghost (novice DsSk)
  6536 | D:8      | Noticed Joseph
  6546 | D:7      | Reached skill level 8 in Invocations
  6649 | D:8      | Got a pair of warped boots
  6758 | D:8      | Gained mutation: You are immune to freezing clouds. [demonic ancestry]
  6758 | D:8      | Reached XP level 10. HP: 77/77 MP: 16/16
  6852 | D:8      | Killed funktuous's ghost
  7071 | D:8      | Reached ** piety under Makhleb
  7103 | D:8      | Killed Joseph
  7134 | D:7      | Identified the +0 pair of boots of the Lost Path {+Fly Int+3} (You found it on level 8 of the Dungeon)
  8128 | D:10     | Entered Level 10 of the Dungeon
  8317 | D:10     | Reached skill level 9 in Invocations
  8329 | D:10     | Reached skill level 10 in Maces & Flails
  8371 | D:10     | Noticed a hill giant
  8606 | D:10     | Noticed Erolcha
  8645 | D:10     | Killed Erolcha
  8645 | D:10     | Reached XP level 11. HP: 19/83 MP: 18/18
  9254 | D:10     | Killed a hill giant
 10040 | D:10     | Reached *** piety under Makhleb
 10170 | D:10     | Noticed a hill giant
 10248 | D:10     | Killed a hill giant
 10511 | D:10     | Paralysed by a hornet for 3 turns
 10534 | D:10     | Gained mutation: Your natural rate of healing is unusually fast. [potion of mutation]
 10534 | D:10     | Gained mutation: Scrolls take you a little longer to read. [potion of mutation]
 10534 | D:10     | Gained mutation: Scrolls take you longer to read. [potion of mutation]
 10535 | D:10     | Lost mutation: Scrolls take you longer to read. [potion of cure mutation]
 10535 | D:10     | Lost mutation: Scrolls take you a little longer to read. [potion of cure mutation]
 10535 | D:10     | Lost mutation: Your natural rate of healing is unusually fast. [potion of cure mutation]
 10863 | D:11     | Found a staircase to the Lair.
 10998 | D:11     | Reached skill level 5 in Shields
 11249 | D:11     | Found a staircase to the Orcish Mines.
 11438 | D:11     | Reached **** piety under Makhleb
 11859 | Lair:1   | Entered Level 1 of the Lair of Beasts
 11968 | D:11     | Noticed a hill giant
 11976 | D:11     | Killed a hill giant
 12038 | Orc:1    | Entered Level 1 of the Orcish Mines
 12330 | Orc:1    | Reached skill level 10 in Invocations
 12330 | Orc:1    | Gained mutation: You may emit foul miasma when damaged in melee. [demonic ancestry]
 12330 | Orc:1    | Reached XP level 12. HP: 89/91 MP: 19/19
 12430 | Orc:2    | Entered Level 2 of the Orcish Mines
 12732 | Orc:2    | Found a staircase to the Elven Halls.
 12780 | Orc:2    | Noticed Sonja
 12877 | Orc:2    | Killed Sonja
 13844 | Lair:1   | Reached skill level 11 in Invocations
 13983 | Lair:1   | Reached skill level 1 in Dodging
 14207 | Lair:1   | Reached ***** piety under Makhleb
 14470 | Lair:2   | Noticed Prince Ribbit
 14745 | Lair:2   | Killed Prince Ribbit
 15001 | Lair:2   | Noticed a death yak
 15001 | Lair:2   | Noticed a death yak
 15002 | Lair:2   | Noticed a death yak
 15046 | Lair:2   | Killed a death yak
 15127 | Lair:2   | Reached skill level 12 in Invocations
 15166 | Lair:2   | Reached XP level 13. HP: 72/98 MP: 22/22
 16956 | Lair:4   | Reached skill level 5 in Dodging
 17148 | Lair:4   | Found a hole to the Spider Nest.
 17176 | Lair:4   | Reached skill level 13 in Invocations
 17581 | Lair:4   | Found a staircase to the Shoals.
 17955 | Lair:5   | Noticed Rupert
 18115 | Lair:5   | Noticed Snorg
 18228 | Lair:6   | Entered Level 6 of the Lair of Beasts
 18616 | Lair:5   | Paralysed by Rupert for 6 turns
 18626 | Lair:5   | Cast into level 4 of the Abyss (Rupert)
 18720 | Abyss:4  | Noticed a tentacled starspawn
 18753 | Abyss:4  | Noticed a green death
 18849 | Abyss:4  | Found a sacrificial altar of Ru.
 18871 | Abyss:4  | Noticed a blizzard demon
 18927 | Abyss:4  | Noticed a starcursed mass
 18958 | Abyss:4  | Noticed a starcursed mass
 19222 | Abyss:4  | Found a corrupted altar of Lugonu.
 19231 | Abyss:4  | Fell from the grace of Makhleb
 19231 | Abyss:4  | Became a worshipper of Lugonu the Unformed
 19231 | Abyss:4  | Reached * piety under Lugonu
 19232 | Lair:5   | Escaped the Abyss
 19261 | Lair:5   | Killed Rupert
 19261 | Lair:5   | Reached XP level 14. HP: 91/106 MP: 24/24
 19299 | Lair:5   | HP: 3/106 [seven-headed hydra (12)]
 20191 | Lair:6   | Reached skill level 14 in Invocations
 20192 | Lair:6   | Paralysed by a hornet for 1 turns
 20376 | Lair:6   | Found a staircase to the Slime Pits.
 20424 | Lair:6   | Reached ** piety under Lugonu
 20481 | Lair:6   | HP: 5/108 [dream sheep (16)]
 20699 | Lair:6   | Reached skill level 1 in Throwing
 21027 | Lair:6   | Noticed an Executioner
 21044 | Lair:6   | HP: 5/162 [Executioner[the fury of Makhleb] (12)]
 21044 | Lair:6   | HP: 2/162 [Executioner[the fury of Makhleb] (3)]
 21044 | Lair:6   | Slain by an Executioner

Vault maps used:
D:1:      lightli_arrival_farm
D:2:      first_bread
D:3:      minmay_goblin_kobold_castle, uniq_sigmund
D:4:      kennysheep_path_1
D:5:      portal_sewer_entry_f, nicolae_dithmenos_through_a_glass_darkly
D:6:      slow_altar_1, kennysheep_generic_room_12, uniq_pikel, uniq_edmund
D:7:      enter_bailey_3, grunt_ministairs_15, grunt_ogre_cave, uniq_duvessa
D:8:      uniq_joseph
D:10:     hangedman_decor_points, serial_bayou_lake_a, uniq_erolcha
D:11:     minmay_lair_entry_lava, erik_orc_3
Temple:   regret_index_temple_chain_breaker
Lair:1:   beast_lair_carwin_large_3, grunt_megastairs_4,
          bh_autumn_forest_stairs, serial_bayou_shore_b
Lair:2:   grunt_forest_large_clearing_hut, infiniplex_staircase_pool,
          uniq_prince_ribbit2
Lair:4:   minmay_shoals_entry_lonely_mermaid, nicolae_spider_entry_tight_spaces,
          nicolae_lair_grove_arrangements, serial_bayou_shore_a,
          grunt_megastairs_5, lemuel_fruit_tree
Lair:5:   uniq_snorg, uniq_rupert
Lair:6:   hangedman_lair_tendril_chambers, nicolae_slime_entry_slimehenge,
          basic_altar, minivault_27
Orc:2:    grunt_orc_community_town_hall, grunt_orc_community_big_house_1,
          grunt_orc_community_big_house_2, grunt_orc_community_house_3,
          grunt_orc_community_house_2, grunt_orc_community_house_2,
          grunt_orc_community_house_3, serial_shops, shop_fountains,
          nicolae_shop_behind_doors, special_room, bloody_makhleb, uniq_sonja

Skill      XL: |  1  2  3  4  5  6  7  8  9 10 11 12 13 14 |
---------------+-------------------------------------------+-----
Long Blades    | 2 3 4 |  4.3
Maces & Flails | 1 3 6 7 8 10 12 | 12.1
Armour         | 4 6 7 8 9 |  9.5
Fighting       | 5 6 7 8 9 |  9.2
Invocations    | 8 9 10 12 13 14 | 14.0
Evocations     | 4 |  4.0
Shields        | 3 6 8 9 |  9.8
Dodging        | 3 5 6 |  6.2
Throwing       | 1 |  1.5

Action                   |  1- 3 |  4- 6 |  7- 9 | 10-12 | 13-15 || total
-------------------------+-------+-------+-------+-------+-------++-------
Melee: Long sword        |   148 |    12 |    25 |    15 |       ||   200
       Headbutt          |     8 |    12 |    61 |   204 |   155 ||   440
       Whip              |       |    59 |   296 |   877 |   669 ||  1901
       Short sword       |       |       |    26 |       |    15 ||    41
 Fire: Blowgun           |       |       |       |       |     3 ||     3
Throw: Stone             |    20 |     6 |    15 |       |       ||    41
       Javelin           |       |     3 |    21 |    77 |    46 ||   147
       Throwing net      |       |       |     1 |     1 |       ||     2
Invok: Minor Destruction |       |       |       |   199 |   134 ||   333
       Major Destruction |       |       |       |     3 |       ||     3
       Lesser Servant of |       |       |       |     4 |    19 ||    23
       Depart the Abyss  |       |       |       |       |     1 ||     1
Evoke: Wand              |       |       |     3 |     6 |     7 ||    16
  Use: Scroll            |       |     5 |     8 |     9 |     9 ||    31
       Potion            |       |       |     3 |     7 |    15 ||    25
 Stab: Paralysed         |       |       |       |     2 |       ||     2
       Distracted        |       |       |       |     1 |       ||     1
  Eat: Chunk             |     3 |     3 |    10 |    28 |    17 ||    61
       Royal jelly       |       |       |     1 |       |     1 ||     2
       Fruit             |       |       |       |     4 |       ||     4
Armor: Scale mail        |    65 |    14 |    89 |       |       ||   168
       Skin              |       |       |     5 |       |    13 ||    18
       Ring mail         |       |       |     9 |   131 |    52 ||   192
       Troll leather arm |       |       |       |       |    10 ||    10
Dodge: Dodged            |    29 |     7 |    70 |   253 |   221 ||   580
Block: Shield            |    62 |    22 |   113 |   258 |   288 ||   743
       Rpst.: Long sword |    11 |       |     5 |     1 |       ||    17
